Map: Prüfung von Aiur LE

Players

Wizzle - Winner!

  • Race: Zerg Zerg
  • League: Diamond
  • Spawn Location: 11:00

K.I.-2 (Sehr leicht)

  • Race: Terran Terran
  • Spawn Location: 5:00

VOD

Have the link to the VOD?

Description

Time

  • Played on: Sept. 13, 2017, 8:17 p.m.
  • Length: 8:57
Show
View Real Time Build Order
Export as new Build Order

Wizzle Zerg - Winner!

Build Orders: Hatch First 

Get SALT Encoding   

  12  0:00  Drone  
  13  0:12  Overlord  
  13  0:16  Drone  
  14  0:31  Drone  
  14  0:32  Drone  
  17  0:35  Drone  
  17  0:52  Hatchery  
  17  0:54  Drone  
  17  0:58  Drone  
  18  1:09  Extractor  
  17  1:13  Spawning Pool  
  17  1:16  Drone  
  17  1:20  Drone  
  18  1:28  Drone  
  19  1:40  Overlord  
  19  2:00  Queen  
  21  2:03  Queen  
  21  2:04  Zergling x6  
  26  2:10  Drone  
  26  2:13  Metabolic Boost  
  26  2:14  Drone  
  28  2:21  Drone  
  29  2:32  Drone x2  
  31  2:38  Queen  
  31  2:41  Queen  
  35  2:47  Overlord  
  35  2:51  Overlord  
  35  2:55  Drone  
  35  3:23  Drone x9  
  35  3:24  Overlord  
  44  3:35  Lair  
  44  3:41  Evolution Chamber  
  44  3:43  Evolution Chamber  
  42  3:53  Roach Warren  
  42  3:55  Overlord  
  41  3:56  Drone x5  
  41  4:01  Drone x2  
  41  4:02  Drone  
  49  4:04  Drone  
  49  4:07  Extractor  
  49  4:12  Extractor x2  
  49  4:15  Zerg Missile Weapons Level 1  
  47  4:22  Zerg Ground Armor Level 1  
  47  4:24  Drone x3  
  49  4:25  Drone  
  49  4:27  Drone  
  49  4:28  Drone  
  53  4:33  Overlord  
  53  4:45  Drone  
  54  4:47  Glial Reconstitution  
  54  4:54  Overlord x2  
  54  4:57  Roach  
  56  5:00  Roach  
  56  5:03  Hatchery  
  56  5:06  Roach x2  
  56  5:07  Roach  
  63  5:12  Roach x2  
  67  5:15  Roach  
  69  5:29  Roach  
  69  5:30  Roach x5  
  69  5:33  Overlord  
  81  5:36  Overlord  
  81  5:40  Drone x2  
  83  5:43  Overlord  
  83  5:58  Roach x3  
  83  6:02  Overlord x2  
  83  6:03  Roach  
  83  6:04  Roach  
  93  6:08  Roach x2  
  97  6:20  Ravager  
  97  6:21  Ravager x5  
  97  6:25  Roach  
  105  6:26  Roach x3  
  111  6:33  Drone x6  
  111  6:39  Hydralisk Den  
  116  6:41  Drone x3  
  116  6:42  Drone  
  120  6:50  Overlord x2  
  120  6:51  Drone  
  121  7:02  Drone x6  
  127  7:13  Drone x2  
  127  7:14  Drone, Extractor x2  
  127  7:15  Drone x3  
  131  7:16  Drone  
  132  7:34  Overseer, Muscular Augments  
  132  7:37  Hatchery  
  131  7:44  Overlord  
  131  7:45  Overlord x2  
  131  7:57  Hydralisk x3  
  131  7:58  Hydralisk x4  
  145  8:02  Overlord x2  
  145  8:05  Roach  
  147  8:06  Roach  
Show
View Real Time Build Order
Export as new Build Order

K.I.-2 (Sehr leicht) Terran 

Build Orders: Reaper Expand 

Get SALT Encoding   

  12  0:00  SCV  
  13  0:13  SCV  
  14  0:19  Supply Depot  
  14  0:45  Barracks  
  14  1:07  Command Center  
  14  1:33  Marine, Supply Depot, Orbital Command  
  14  1:39  Refinery  
  15  1:50  Refinery  
  15  1:59  SCV  
  16  2:11  SCV  
  17  2:18  Reaper  
  18  2:23  SCV  
  18  2:24  SCV  
  20  2:35  SCV  
  21  2:39  SCV  
  22  2:47  SCV  
  23  2:53  SCV  
  24  3:00  SCV  
  25  3:06  Marine  
  25  3:07  SCV  
  27  3:15  SCV  
  27  3:16  Factory  
  28  3:40  SCV, Refinery  
  29  3:45  Refinery  
  29  3:47  SCV  
  30  3:53  Marine  
  30  3:54  SCV  
  32  3:59  Supply Depot  
  32  4:02  SCV  
  33  4:03  Starport  
  33  4:09  SCV  
  34  4:12  Barracks Tech Lab  
  34  4:16  SCV  
  35  4:23  SCV  
  36  4:30  SCV  
  37  4:35  Supply Depot  
  37  4:37  SCV  
  38  4:42  Starport Tech Lab, Marauder  
  38  4:45  SCV  
  41  4:52  SCV  
  42  4:59  SCV  
  43  5:01  Raven  
  43  5:06  SCV  
  46  5:13  SCV  
  47  5:20  SCV  
  48  5:29  Marine  
  49  5:44  Raven  
  51  6:17  Marine  
  51  6:34  SCV  
  44  6:55  Viking  
  44  7:00  Supply Depot  
  46  7:03  SCV  
  32  7:17  SCV  
  29  7:24  Hellion  
  32  7:30  SCV  
  31  7:42  SCV  
  29  7:50  Supply Depot  
  26  7:52  Viking  
  26  7:54  SCV  
  15  8:06  SCV  
  12  8:21  Supply Depot  
Tags
 
Add a new tag
Caveats
  • Supply blocks, unpowered buildings, or Contaminate may cause inaccurate times.
  • Supply counts are checked every 10 seconds.